 Dungeon Crawl Stone Soup version 0.19-a0-1468-ge013c26 (webtiles) character file.

1173 jacquesderrida the Carver (level 8, -5/39 HPs)
             Began as a Vine Stalker Wanderer on Sept 7, 2016.
             Slain by an ogre
             ... wielding a +0 giant club
              (20 damage)
             ... on level 7 of the Dungeon.
             The game lasted 00:11:14 (1899 turns).

jacquesderrida the Carver (Vine Stalker Wanderer)   Turns: 1899, Time: 00:11:15

Health: -5/39      AC:  7    Str: 15    XL:     8   Next: 41%
Magic:  0/19       EV: 10    Int: 13    God:
Gold:   142        SH:  0    Dex: 15    Spells: 0 memorised, 7 levels left

rFire  . . .     SeeInvis .     h - +6 long sword of Dung {freeze, MP+9}
rCold  . . .     Gourm    .     k - +0 ring mail
rNeg   . . .     Faith    .     (no shield)
rPois  .         Spirit   +     n - +0 helmet
rElec  .         Dismiss  .     v - +0 cloak
rCorr  .         Reflect  .     (no gloves)
MR     +....     Harm     .     (no boots)
Stlth  +.........               (no amulet)
                                (no ring)
                                (no ring)

@: no status effects
A: fangs 3, regeneration 1, magic shield, antimagic bite, no device heal 3, rot
immunity
a: no special abilities


You were on level 7 of the Dungeon.
You were not hungry.

You visited 1 branch of the dungeon, and saw 7 of its levels.

You collected 142 gold pieces.

Inventory:

Hand Weapons
 b - a +0 shortbow
 h - the +6 long sword of Dung (weapon) {freeze, MP+9}
   (You found it on level 7 of the Dungeon)

   It has been specially enchanted to freeze those struck by it, causing extra
   injury to most foes and up to half again as much damage against particularly
   susceptible opponents.
   It can also slow down cold-blooded creatures.
   It affects your magic capacity (+9).
 A - a +2 long sword
Missiles
 c - 65 arrows
 m - 6 tomahawks (quivered)
Armour
 k - a +0 ring mail (worn)
 n - a +0 helmet (worn)
 v - a +0 cloak (worn)
Wands
 i - a wand of iceblast (9/15)
 y - a wand of polymorph (0/24)
Scrolls
 d - a scroll of teleportation
 e - 2 scrolls of amnesia {unknown}
 j - 2 scrolls of enchant weapon {unknown}
 p - 4 scrolls of identify {unknown}
 t - 2 scrolls of noise {unknown}
 u - a scroll of recharging {unknown}
 z - a scroll of magic mapping {unknown}
 B - a scroll of fog {unknown}
Potions
 g - 2 potions of might
 l - a potion of mutation {unknown}
 o - a potion of heal wounds {unknown}
 q - a potion of agility {unknown}
 r - 2 potions of curing {unknown}
 w - a potion of haste {unknown}
 x - 2 potions of degeneration {unknown}
Comestibles
 a - 2 chunks of flesh
 f - 4 bread rations
 s - 12 fruits


   Skills:
 - Level 2.6 Fighting
 + Level 8.7 Long Blades
 - Level 1.7 Bows
 - Level 1.5 Armour
 - Level 1.2 Stealth
 - Level 1.5 Unarmed Combat
 - Level 1.7 Evocations


You had 7 spell levels left.
You didn't know any spells.

Dungeon Overview and Level Annotations

Branches:
Dungeon (7/15)
 Temple: D:4-7

Altars:
Dithmenos
Uskayaw

Shops:
D:5 =   D:6 %

Annotations:
D:6 Sigmund


Innate Abilities, Weirdness & Mutations

You have razor-sharp teeth.
Your natural rate of healing is unusually fast.
When hurt, damage is shared between your health and your magic reserves.
Your bite disrupts and absorbs the magic of your enemies.
Potions and wands cannot restore your health.
You are immune to rotting.


Message History

p - 4 scrolls labeled PASMAJ CUYBB (gained 1)
You open the door.
Found 2 beef jerkies and 7 slices of pizza. 3 hogs, a yak and a human come into view.
The hog squeals angrily. x2; The human shouts!
The yak bellows!
The hog squeals angrily.
Found 2 bread rations.
There is an open door here.
The ogre hits you with a giant club!!
You slash the ogre! You freeze the ogre. Your bite misses the ogre.
The ogre is heavily wounded.
The ogre hits you with a giant club!!
* * * LOW HITPOINT WARNING * * *
You are too injured to fight recklessly!
A shadow imp comes into view.
The shadow imp shouts, "Get thee gone, thou grime-gilt earth-vexing lout!"
The shadow imp shouts, "Back with thee, thou surly common-kissing nothing!"
The hog bites you but does no damage. The ogre hits you with a giant club!!
Ouch! That really hurt!
You die...

#.# #.# #.# #.# ...# #5#
##....### #.# #.......##
#.# .........
#.#####.......
##O@.........#
#.hh######...#
#.#.........#
#...######..#
##############.# ##...#
#..........).#.####.o..#
#.##########)#.Y.hh#'###
#.# #)#.#####..#..# #.#
#.#.# #ph#..#


You could see a yak, 2 hogs, an ogre and a shadow imp.

Vanquished Creatures
  An orc warrior (D:7)
  2 scorpions
  7 wights
  3 howler monkeys (D:7)
  2 crimson imps
  A jelly (D:7)
  3 hounds (D:7)
  3 orc priests (D:7)
  Ijyb (D:3)
  2 iguanas
  2 orc wizards (D:7)
  A worker ant (D:6)
  A hound zombie (D:5)
  Robin (D:3)
  A howler monkey skeleton (D:7)
  3 adders
  2 shadow imps (D:6)
  2 adder skeletons
  3 giant geckos
  8 orcs
  6 bats
  4 giant cockroaches
  6 hobgoblins
  2 jackals (D:7)
  2 kobolds (D:2)
  2 quokkas
  7 goblins (D:3)
  2 rats (D:2)
80 creatures vanquished.

Notes
Turn   | Place    | Note
-------+----------+-------------------------------------------
     0 | D:1      | jacquesderrida the Vine Stalker Wanderer began the quest for the Orb.
     0 | D:1      | jacquesderrida set off with: a box of beasts, a +0 shortbow, 26 arrows, a scroll of teleportation, a +0 robe, a bread ration
     0 | D:1      | Reached XP level 1. HP: 11/11 MP: 3/3
    68 | D:2      | Reached skill level 1 in Unarmed Combat
   111 | D:2      | Reached XP level 2. HP: 15/16 MP: 4/4
   392 | D:3      | Reached skill level 1 in Long Blades
   418 | D:3      | Reached XP level 3. HP: 19/19 MP: 5/5
   427 | D:3      | Noticed Ijyb
   440 | D:3      | Killed Ijyb
   440 | D:3      | Reached skill level 2 in Long Blades
   448 | D:3      | Found a hide-covered altar of Uskayaw.
   494 | D:3      | Noticed Robin
   519 | D:3      | Killed Robin
   519 | D:3      | Gained mutation: Your natural rate of healing is unusually fast. [Vine Stalker growth]
   519 | D:3      | Reached XP level 4. HP: 2/23 MP: 6/6
   545 | D:3      | Reached skill level 3 in Long Blades
   751 | D:5      | Entered Level 5 of the Dungeon
   752 | D:5      | Found Jamiex's Jewellery Shop.
   759 | D:5      | Reached XP level 5. HP: 25/27 MP: 7/7
  1024 | D:6      | Found Variri's Food Emporium.
  1094 | D:6      | Reached skill level 4 in Long Blades
  1146 | D:6      | Noticed Sigmund
  1310 | D:6      | Reached XP level 6. HP: 32/32 MP: 8/8
  1323 | D:7      | Reached skill level 5 in Long Blades
  1432 | D:7      | Reached skill level 6 in Long Blades
  1432 | D:7      | Reached XP level 7. HP: 28/35 MP: 6/9
  1534 | D:6      | Found a shadowy altar of Dithmenos.
  1601 | D:7      | Reached skill level 7 in Long Blades
  1730 | D:7      | Gained mutation: You have razor-sharp teeth. [Vine Stalker growth]
  1730 | D:7      | Reached XP level 8. HP: 39/39 MP: 10/10
  1776 | D:7      | Got an ichor-stained long sword
  1777 | D:7      | Identified the +6 long sword of Dung {freeze, MP+9} (You found it on level 7 of the Dungeon)
  1825 | D:7      | Reached skill level 8 in Long Blades
  1885 | D:7      | Noticed a yak
  1899 | D:7      | Slain by an ogre

Vault maps used:
D:1:      kennysheep_arrival_seaside, minmay_misc_feat_columns,
          cheibriados_altar_1
D:3:      lemuel_crystal_altar, minmay_crystal_water, roderic_aztec_sauvastika,
          minmay_strange_pillars, uniq_iyjb, uniq_robin
D:4:      first_bread
D:5:      serial_shops, nicolae_shop_stone, serial_bayou_pond_d,
          serial_bayou_pond_e, serial_bayou_lagoon_a
D:6:      serial_shops, kennysheep_mini_moat, grunt_dithmenos_shadows,
          uniq_sigmund
D:7:      grunt_livestock

Skill      XL: |  1  2  3  4  5  6  7  8 |
---------------+-------------------------+-----
Unarmed Combat | 1 |  1.5
Long Blades    | 1 2 3 4 6 7 8 |  8.7
Fighting       | |  2.6
Bows           | |  1.7
Armour         | |  1.5
Stealth        | |  1.2
Evocations     | |  1.7

Action                   |  1- 3 |  4- 6 |  7- 9 || total
-------------------------+-------+-------+-------++-------
Melee: Long sword        |     2 |   176 |    94 ||   272
       Bite              |     2 |    50 |    27 ||    79
       Punch             |       |     2 |       ||     2
 Fire: Shortbow          |    55 |       |       ||    55
Throw: Tomahawk          |       |     1 |       ||     1
Evoke: Wand              |       |       |     6 ||     6
       Box of beasts     |       |       |     1 ||     1
  Use: Potion            |     2 |       |       ||     2
 Stab: Invisible         |       |     1 |       ||     1
       Sleeping          |       |     1 |       ||     1
  Eat: Chunk             |       |     1 |     3 ||     4
Armor: Ring mail         |    11 |    60 |    29 ||   100
Dodge: Dodged            |    15 |    73 |    27 ||   115
